AoeStats
← Mark

MegaRandom

510312103Analyzed
4v4 RM · 2d ago on Sep 30, 2026· 60m 49s· 8 players
Game mode
Random Map
Map size
Large (8 player)
Population
200
Speed
Normal
Resources
Standard
Victory
Conquest
Starting age
Dark Age
Ending age
Imperial Age
RankedLock teamsTeams togetherTeam positionsShared explorationLock speedFull tech treeHidden civsTurbo modeCheats
Victory
Defeat
🇦🇹 Romans · Austria
1109
+12
🇳🇱 Bengalis · Netherlands
1094
+12
🇨🇿 Koreans · Czechia
1055
+14
🇮🇳 Huns · India
1017
+16
🇧🇷 Mongols · Brazil
1108
-16
🇹🇼 Varangians · Taiwan
1096
-16
🇨🇳 Italians · China
1044
-15
🇨🇳 Vietnamese · China
811
-7
DESTINNI
0:41 Loom
9:50 Feudal Age
12:47 Gold Mining
13:02 Double-Bit Axe
14:33 Town Watch
15:21 Horse Collar
15:44 Fletching
28:58 Castle Age
29:06 Crossbowman
29:42 Bodkin Arrow
29:58 Thumb Ring
34:18 Town Patrol
38:50 Imperial Age
36:57 Wheelbarrow
39:35 Bracer
40:31 Ballistics
42:55 Chemistry
43:26 Arbalester
44:29 Fortified Wall
45:06 Hand Cart
45:42 Gold Shaft Mining
46:14 Eupseong
48:35 Masonry
50:35 Architecture
50:16 Elite Skirmisher
51:27 Treadmill Crane
52:04 Arrowslits
54:04 Scale Mail Armor
54:58 Conscription
55:01 Siege Engineers
57:55 Murder Holes
58:43 Heavy Plow
58:34 Stone Mining
Mark
11:27 Feudal Age
12:16 Double-Bit Axe
12:40 Horse Collar
15:16 Castle Age
17:42 Wheelbarrow
18:35 Bow Saw
19:05 Wheelbarrow
21:13 Heavy Plow
21:17 Loom
23:20 Hand Cart
24:03 Fletching
24:16 Husbandry
25:48 Bloodlines
26:14 Bodkin Arrow
26:20 Padded Archer Armor
26:20 Gold Mining
27:46 Gold Shaft Mining
28:06 Ballistics
28:09 Stone Mining
31:49 Imperial Age
29:56 Leather Archer Armor
30:32 Paiks
31:45 Masonry
31:30 Murder Holes
31:47 Scale Barding Armor
31:51 Caravan
32:55 Elite Elephant Archer
34:14 Crop Rotation
34:46 Two-Man Saw
35:01 Chemistry
34:33 Architecture
34:04 Town Watch
34:42 Siege Engineers
35:57 Conscription
37:06 Bracer
37:37 Ring Archer Armor
38:28 Town Patrol
38:51 Mahayana
41:33 Pikeman
47:29 Chain Barding Armor
47:20 Forging
49:34 Guilds
49:55 Coinage
51:41 Light Cavalry
54:08 Iron Casting
54:09 Plate Barding Armor
58:08 Blast Furnace
58:59 Banking
59:45 Fortified Wall
Roxxy uG
10:38 Feudal Age
10:09 Loom
14:48 Castle Age
13:22 Double-Bit Axe
17:31 Horse Collar
20:33 Scale Barding Armor
21:10 Husbandry
23:54 Forging
25:11 Bloodlines
25:30 Chain Barding Armor
27:34 Bow Saw
35:24 Imperial Age
33:30 Wheelbarrow
32:40 Town Watch
34:09 Iron Casting
33:27 Gold Mining
33:39 Heavy Plow
33:34 Stone Mining
33:52 Padded Archer Armor
35:27 Cavalier
37:54 Blast Furnace
37:43 Hand Cart
38:35 Ballistics
38:11 Murder Holes
38:22 Caravan
39:22 Squires
42:12 Town Patrol
43:51 Leather Archer Armor
43:28 Fletching
44:13 Plate Barding Armor
43:32 Fletching
43:58 Leather Archer Armor
45:30 Bodkin Arrow
48:02 Ring Archer Armor
48:22 Light Cavalry
51:03 Scale Mail Armor
52:51 Conscription
53:05 Comitatenses
55:57 Chemistry
55:08 Fortified Wall
55:08 Masonry
55:09 Careening
54:50 Guard Tower
55:16 Masonry
55:16 Fortified Wall
58:21 Crop Rotation
58:44 Gold Shaft Mining
60:04 Keep
快乐的小跑
1:04 Loom
4:37 Loom
10:39 Feudal Age
18:50 Padded Archer Armor
18:51 Scale Mail Armor
18:51 Double-Bit Axe
18:48 Horse Collar
18:54 Horse Collar
21:43 Castle Age
22:26 Fletching
23:05 Bodkin Arrow
23:43 Town Watch
24:15 Leather Archer Armor
24:13 Forging
24:19 Squires
23:49 Pikeman
38:44 Scale Barding Armor
39:21 Bloodlines
41:35 Heavy Plow
44:05 Husbandry
46:09 Scale Barding Armor
54:11 Iron Casting
55:29 Light Cavalry
kongdu
6:57 Loom
9:35 Feudal Age
10:16 Double-Bit Axe
17:52 Castle Age
17:55 Wheelbarrow
17:08 Horse Collar
19:09 Squires
18:56 Gambesons
24:27 Arson
25:19 Gold Mining
26:39 Stone Mining
27:53 Forging
29:28 Heavy Plow
30:33 Stone Shaft Mining
37:58 Imperial Age
37:24 Iron Casting
36:50 Scale Mail Armor
36:40 Fletching
39:23 Bow Saw
39:48 Conscription
40:15 Elite Varangian Guard
41:19 Elite Skirmisher
42:55 Chain Mail Armor
42:53 Imperial Skirmisher
43:47 Bodkin Arrow
43:53 Padded Archer Armor
46:32 Crop Rotation
48:25 Gothikon
57:02 Pikeman
58:46 Bracer
59:18 Plate Mail Armor
tony.li
7:54 Loom
10:39 Feudal Age
13:26 Forging
13:16 Double-Bit Axe
14:21 Scale Barding Armor
14:42 Horse Collar
20:34 Castle Age
19:45 Gold Mining
20:11 Bloodlines
21:28 Husbandry
24:31 Heavy Plow
29:53 Wheelbarrow
30:43 Iron Casting
31:54 Hand Cart
31:50 Fletching
32:22 Chain Barding Armor
33:32 Stone Mining
34:17 Gold Shaft Mining
36:42 Imperial Age
37:45 Ballistics
39:26 Blast Furnace
38:22 Bodkin Arrow
39:39 Chemistry
38:12 Elite Steppe Lancer
42:27 Onager
44:44 Drill
44:45 Conscription
50:50 Siege Onager
老徐
3:03 Loom
10:30 Feudal Age
11:18 Double-Bit Axe
17:27 Fletching
19:31 Horse Collar
21:32 Padded Archer Armor
25:08 Castle Age
24:17 Gold Mining
25:24 Wheelbarrow
26:13 Thumb Ring
25:53 Crossbowman
30:36 Bow Saw
31:11 Bodkin Arrow
32:32 Heavy Plow
32:54 Hand Cart
33:39 Stone Mining
34:22 Squires
36:28 Hand Cart
36:37 Ballistics
35:42 Pikeman
37:01 Masonry
40:42 Leather Archer Armor
44:03 Imperial Age
41:24 Treadmill Crane
41:48 Scale Mail Armor
44:37 Elite Genoese Crossbowman
45:37 Conscription
45:19 Bracer
45:49 Ring Archer Armor
46:32 Two-Man Saw
46:33 Chemistry
46:04 Architecture
49:22 Hoardings
50:41 Arbalester
58:38 Crop Rotation
58:18 Caravan
58:05 Elite Skirmisher
无语
8:40 Loom
11:23 Feudal Age
12:48 Double-Bit Axe
15:09 Castle Age
13:13 Horse Collar
14:37 Gold Mining
14:49 Fletching
16:20 Bow Saw
18:03 Crossbowman
21:51 Ballistics
23:04 Heavy Plow
25:17 Padded Archer Armor
25:16 Bodkin Arrow
26:38 Wheelbarrow
26:57 Padded Archer Armor
28:05 Thumb Ring
29:37 Elite Skirmisher
31:01 Hand Cart
30:32 Town Watch
34:59 Imperial Age
33:27 Leather Archer Armor
33:10 Stone Mining
35:24 Imperial Skirmisher
37:12 Chemistry
36:16 Bracer
37:13 Stone Shaft Mining
37:41 Ring Archer Armor
46:50 Squires
50:34 Two-Man Saw
50:05 Crop Rotation
51:26 Paper Money
51:16 Pikeman
57:25 Scale Mail Armor
57:36 Forging
59:04 Chain Mail Armor
Connection lost

Rejoining the realm…

Still unreachable

The connection could not be restored.

Session expired

The server has moved on; the page needs a fresh start.